 Dungeon Crawl Stone Soup version 0.28.0-53-g5a82cb258f (webtiles) character file.

Game seed: 4452421640130588241

121111 Plasmagod the Fencer (level 16, -7/125 (132) HPs)
             Began as a Minotaur Fighter on July 20, 2022.
             Was the Champion of Ru.
             Succumbed to a +0 glaive of venom's poison
             ... on level 2 of the Elven Halls.
             The game lasted 01:59:11 (34886 turns).

Plasmagod the Fencer (Minotaur Fighter)            Turns: 34886, Time: 01:59:12

HP:   -7/125 (132)  AC: 29    Str: 34    XL:     16   Next: 31%
MP:   13/13         EV: 14    Int:  5    God:    Ru [******]
Gold: 1321          SH: 12    Dex: 12    Spells: 15/15 levels left

rFire   . . .      SeeInvis .   p - +4 long sword of a treasure trove {freeze, Will+ Str+4}
rCold   . . .      Faith    .   U - +0 kite shield {reflect}
rNeg    . . .      Spirit   .   y - +0 plate armour
rPois   .          Reflect  +   w - +1 hat
rElec   .          Harm     .   G - +0 cloak
rCorr   .          Rampage  .   X - +2 pair of gloves {Str+3}
Will    ++...                   R - +0 pair of boots
Stlth   ..........              (no amulet)
HPRegen 0.30/turn               t - +4 ring of evasion
MPRegen 0.13/turn               E - +4 ring of protection

@: lethally poisoned (-7 -> -83), exhausted, drained
A: horns 2, frail 1, low MP 1, hated by all, no hexes magic, no ice magic, no
necromancy magic, unskilled 1, retaliatory headbutt
a: Renounce Religion, Draw Out Power, Power Leap, Apocalypse


You were on level 2 of the Elven Halls.
You worshipped Ru.
Ru was exalted by your worship.
You visited 5 branches of the dungeon, and saw 25 of its levels.
You visited 1 bazaar.
You also visited: Volcano.

You collected 2508 gold pieces.
You spent 1187 gold pieces at shops.

Inventory:

Hand Weapons
 o - a +2 antimagic flail
 p - the +4 long sword of a treasure trove (weapon) {freeze, Will+ Str+4}
   (You found it on level 5 of the Dungeon)

   It freezes those it strikes, dealing additional cold damage.
   It can also slow down cold-blooded creatures.
   Str:       It affects your strength (+4).
   Will:      It increases your willpower.
 x - a +4 hand axe of flaming
 Q - a +0 demon blade of draining
Armour
 w - a +1 hat (worn)
 y - a +0 plate armour (worn)
 G - a +0 cloak (worn)
 I - a +2 chain mail of fire resistance
 R - a +0 pair of boots (worn)
 U - a +0 kite shield of reflection (worn)
 X - a +2 pair of gloves of strength (worn)
Jewellery
 t - a +4 ring of evasion (left hand)
 u - the ring "Fikkaag" {Fire Int+5}
   (You bought it in a shop on level 2 of the Orcish Mines)

   [ring of fire]

   It enhances your fire magic.
   Int:       It affects your intelligence (+5).
   rF:        It protects you from fire.
   rC:        It makes you vulnerable to cold.
 E - a +4 ring of protection (right hand)
 H - an amulet of magic regeneration
 O - a +6 ring of strength
 P - a ring of protection from fire
 V - a ring of poison resistance
Wands
 f - a wand of paralysis (10)
 l - a wand of iceblast (35)
 m - a wand of flame (34)
 v - a wand of polymorph (3)
 D - a wand of mindburst (14)
 J - a wand of digging (1)
 L - a wand of acid (16)
Scrolls
 c - 2 scrolls of identify
 e - a scroll of amnesia
 g - 5 scrolls of blinking
 h - 11 scrolls of teleportation
 k - 5 scrolls of fear
 K - 3 scrolls of enchant armour
 M - a scroll of silence
 T - 2 scrolls of vulnerability
Potions
 a - 2 potions of heal wounds
 b - 4 potions of resistance
 d - 5 potions of might
 i - 3 potions of flight
 j - 6 potions of attraction
 q - 5 potions of curing
 r - 2 potions of brilliance
 s - 2 potions of lignification
 z - a potion of berserk rage
 A - 5 potions of haste
 B - 2 potions of mutation
 C - a potion of magic
 W - a potion of cancellation
Miscellaneous
 N - a phial of floods
 S - a phantom mirror


   Skills:
 + Level 14.8 Fighting
 + Level 16.3 Long Blades
 + Level 9.2 Axes
 + Level 1.4(5.9) Maces & Flails
 + Level 0.2 Throwing
 + Level 16.0 Armour
 + Level 5.1 Dodging
 + Level 5.3 Stealth
 + Level 14.4 Shields
 + Level 1.2 Evocations


You had 15 spell levels left.
You didn't know any spells.
Your spell library contained the following spells:

 Spells                   Type           Power      Damage    Failure   Level
 Apportation              Tloc           0%         N/A       99%         1
 Magic Dart               Conj           0%         1d3       99%         1
 Passwall                 Tmut/Erth      0%         N/A       99%         2
 Mephitic Cloud           Conj/Pois/Air  0%         N/A       100%        3
 Swiftness                Air            0%         N/A       100%        3
 Airstrike                Air            0%         N/A       100%        4
 Petrify                  Tmut/Erth      0%         N/A       100%        4
 Alistair's Intoxication  Tmut/Pois      0%         N/A       100%        5
 Blade Hands              Tmut           0%         N/A       100%        5
 Irradiate                Conj/Tmut      0%         3d13      100%        5
 Lightning Bolt           Conj/Air       0%         1d11      100%        5
 Eringya's Noxious Bog    Tmut/Pois      0%         N/A       100%        6
 Animate Skeleton         Necr           Unusable   N/A       N/A         1
 Slow                     Hex            Unusable   N/A       N/A         1
 Summon Small Mammal      Summ           Unusable   N/A       N/A         1
 Call Imp                 Summ           Unusable   N/A       N/A         2
 Ensorcelled Hibernation  Hex/Ice        Unusable   N/A       N/A         2
 Sublimation of Blood     Necr           Unusable   N/A       N/A         2
 Call Canine Familiar     Summ           Unusable   N/A       N/A         3
 Confusing Touch          Hex            Unusable   N/A       N/A         3
 Portal Projectile        Hex/Tloc       Unusable   N/A       N/A         3
 Summon Guardian Golem    Hex/Summ       Unusable   N/A       N/A         3
 Vampiric Draining        Necr           Unusable   2d6       N/A         3
 Hailstorm                Conj/Ice       Unusable   3d3       N/A         4
 Ice Form                 Ice/Tmut       Unusable   N/A       N/A         4
 Summon Lightning Spire   Summ/Air       Unusable   N/A       N/A         4
 Borgnjor's Vile Clutch   Necr/Erth      Unusable   N/A       N/A         5
 Excruciating Wounds      Necr           Unusable   N/A       N/A         5
 Simulacrum               Ice/Necr       Unusable   N/A       N/A         6

Dungeon Overview and Level Annotations

Branches:
Dungeon (14/15)            Temple (1/1) D:6            Lair (6/6) D:9
 Shoals (0/4) Lair:2        Snake (0/4) Lair:4        Slime (0/5) Lair:6
    Orc (2/2) D:9             Elf (2/3) Orc:2       Volcano (visited)
 Vaults: D:13-14

Altars:
Ashenzari
Cheibriados
Dithmenos
Elyvilon
Fedhas
Gozag
Hepliaklqana
Kikubaaqudgha
Makhleb
Nemelex Xobeh
Okawaru
Qazlal
Ru
Sif Muna
Trog
Uskayaw
Vehumet
Wu Jian
Xom
Yredelemnul
Zin
The Shining One

Shops:
D:4 !   D:9 [   Orc:2 [(*[   Elf:1 [[

Annotations:
D:8 3 runed translucent doors, crawlogic's ghost, novice HOMo
Elf:2 3 runed translucent doors


Innate Abilities, Weirdness & Mutations

You have a pair of horns on your head.
You are frail. (-10% HP)
Your magical capacity is low. (-10% MP)
You are hated by all.
You cannot study or cast Hexes magic.
You cannot study or cast Ice magic.
You cannot study or cast Necromancy magic.
You are somewhat unskilled. (-1 Apt)
You reflexively headbutt those who attack you in melee.


Message History

You hit the deep elf pyromancer. You freeze the deep elf pyromancer.
Your headbutt misses the deep elf pyromancer.
The deep elf pyromancer is almost dead.
You feel extremely sick.
The +0 glaive of venom hits you from afar.
You are more poisoned.
The deep elf pyromancer gestures wildly while chanting.
The deep elf pyromancer blinks!
You feel extremely sick.
There is an open door here.
You feel extremely sick.
You feel very sick.
The +0 glaive of venom hits you from afar.
You are more poisoned.
You are restored by drawing out deep reserves of power within.
You feel drained.
You feel extremely sick.
The deep elf pyromancer begins to cast a spell, but is stunned by your conviction!
The +0 glaive of venom hits you but does no damage.
You feel extremely sick.
The deep elf pyromancer gestures wildly while chanting.
The deep elf pyromancer blinks!
The +0 glaive of venom hits you!!
You are more poisoned.
You closely miss the +0 glaive of venom.
You feel extremely sick. The +0 glaive of venom hits you.
You are lethally poisoned!
You focus your inner power and illuminate the +0 glaive of venom in retribution!
You slash the +0 glaive of venom!
The +0 glaive of venom is moderately damaged.
* * * LOW HITPOINT WARNING * * *
You feel extremely sick. The +0 glaive of venom hits you!!
* * * LOW HITPOINT WARNING * * *
You are more poisoned.
Okay, then.
Blink to where?
Press: ? - help, Dir - move target
As you read the scroll of blinking, it crumbles to dust.
You die...

##......# .# #.... ........# #.#
#.# #.##. .#.#....# #.# #.#
#####.##. ........# #.# #.#
##..##.##. .#.#....# #.# #.#
##...##.##( ........###.# #.#
##....##.##. #.e.....##..# ##.#
##.....##>##.
#......(ยง..####..###...)..'.....
#......##......@...)......##..#.
+..$..####.####.####...<..#####.
#?...# #.# #.# ##.....# #. ##..#
#.# #.# ##...## #. ##+ #.# #.#
##.#### #. #.# #.# ##.....# #.
.######.# #.# ##.)....# #.
......<.# #.####...)..<# #.
..####..####....+.......# ##


There were no monsters in sight!

Vanquished Creatures
  Donald (Orc:2)
  A stone giant (Orc:2)
  The ghost of 101zpm the Thaumaturge, a journeyman GnAE of Makhleb (Orc:2)
  Nessos (Lair:5)
  A deep elf annihilator (Elf:1)
  A red draconian (Volcano)
  4 dire elephants (Lair:6)
  A deep elf death mage (Elf:1)
  The ghost of H0rd4k the Basher, a journeyman HuAr of Gozag (Lair:1)
  Fannar (Lair:1)
  3 boulder beetles
  2 centaur warriors (D:13)
  13 hydras
  An ogre mage (Volcano)
  9 two-headed ogres
  12 dancing weapons
  A death knight (D:13)
  Urug (Lair:1)
  3 orc high priests (Orc:2)
  Nergalle (Lair:1)
  Sonja (Lair:1)
  11 deep elf knights
  A fire crab (Lair:5)
  2 spectral death yaks (Lair:6)
  A spectral anaconda (Lair:6)
  Pikel (D:5)
  15 deep elf pyromancers
  An obsidian statue (Lair:6)
  15 deep elf zephyrmancers
  5 orc knights (Orc:2)
  6 deep elf archers
  A harpy (shapeshifter) (Elf:2)
  4 necromancers (Lair:6)
  7 ugly things (D:13)
  6 orc sorcerers
  3 cyclopes
  A manticore (D:13)
  A moth of wrath (Orc:2)
  14 elephants
  4 black mambas
  A torpor snail (Lair:2)
  An unseen horror (D:11)
  A gargoyle (D:13)
  24 cane toads
  3 rime drakes
  3 freezing wraiths (D:13)
  19 komodo dragons
  A queen bee (D:9)
  5 trolls
  3 polar bears
  Prince Ribbit (D:5)
  A hornet (D:9)
  A meliai zombie (D:10)
  6 blink frogs (Lair:6)
  5 slime creatures
  4 dream sheep (Lair:6)
  2 shadows
  An air elemental (Elf:1)
  47 yaks
  4 water elementals
  A dire elephant simulacrum (Lair:6)
  Grum (D:11)
  4 fire elementals (Elf:1)
  5 basilisks
  10 wyverns
  A steam dragon (D:8)
  A death yak simulacrum (Lair:6)
  7 vampire mosquitoes
  Edmund (D:4)
  2 spectral cane toads (Lair:6)
  A warg (Orc:1)
  A naga (Lair:4)
  4 acid dragons
  Duvessa (D:5)
  15 water moccasins
  6 black bears
  17 orc warriors
  An elephant zombie (Lair:6)
  5 sky beasts
  6 ogres
  42 wolves
  10 centaurs
  A lemure (D:5)
  4 phantoms
  3 kobold brigands
  Blork the orc (D:5)
  10 bullfrogs
  A scorpion (D:9)
  A wyvern zombie (D:6)
  A cane toad simulacrum (Lair:6)
  A gnoll sergeant (D:12)
  2 troll zombies (D:9)
  Dowan (D:5)
  An elephant simulacrum (Lair:6)
  20 killer bees
  5 howler monkeys
  7 electric eels (D:12)
  3 hounds
  5 jellies
  3 centaur zombies
  2 gnoll shamans (D:7)
  18 orc priests
  3 iguanas
  22 orc wizards
  2 killer bee zombies
  6 ogre zombies (D:9)
  A howler monkey zombie (D:8)
  11 gnolls
  3 howler monkey skeletons
  12 adders
  2 shadow imps
  4 white imps
  3 worms
  A dart slug (D:2)
  50 orcs
  2 ball pythons (D:1)
  7 endoplasms
  A giant cockroach (D:1)
  7 goblins
  6 hobgoblins
  7 jackals (D:1)
  22 kobolds
  5 quokkas
  2 bats
  A frilled lizard (D:3)
  3 goblin skeletons (D:9)
  3 goblin zombies (D:9)
  3 hobgoblin zombies (D:9)
  An orc skeleton (D:9)
  14 orc zombies (D:9)
  5 rats
733 creatures vanquished.

Vanquished Creatures (others)
  2 hydras
  A dancing weapon (Elf:2)
  A deep elf knight (Elf:1)
  An unseen horror (D:12)
  A blink frog (Lair:5)
  A wyvern (Lair:1)
  A yak (Lair:5)
  A naga (Lair:4)
  A water moccasin (Lair:3)
  An orc warrior (Orc:2)
  A wolf (Lair:2)
  A centaur (D:14)
  An orc priest (Orc:2)
  An orc (D:13)
  A kobold (D:9)
  30 fungi
  87 plants
  19 withered plants (Lair:6)
152 creatures vanquished.

Grand Total: 885 creatures vanquished

Notes
Turn   | Place    | Note
-------+----------+-------------------------------------------
     0 | D:1      | Plasmagod the Minotaur Fighter began the quest for the Orb.
     0 | D:1      | Reached XP level 1. HP: 19/19 MP: 0/0
   141 | D:1      | Reached XP level 2. HP: 19/27 MP: 1/1
   391 | D:1      | You fall into a shaft and drop 1 floor!
  1191 | D:2      | Reached XP level 3. HP: 33/33 MP: 2/2
  1499 | D:2      | Found a faded altar of an unknown god.
  1790 | D:3      | Found a basalt altar of Yredelemnul.
  1982 | D:3      | Reached XP level 4. HP: 35/40 MP: 3/3
  2057 | D:3      | Noticed a centaur
  2064 | D:3      | Killed a centaur
  2065 | D:3      | Reached skill level 5 in Armour
  2065 | D:3      | Reached XP level 5. HP: 18/46 MP: 4/4
  2401 | D:3      | Reached skill level 1 in Dodging
  2778 | D:4      | Found a shadowy altar of Dithmenos.
  2980 | D:4      | Found an opulent altar of Gozag.
  2984 | D:4      | Found a broken altar of Ashenzari.
  2985 | D:4      | Found a hazy altar of Hepliaklqana.
  3032 | D:4      | Reached skill level 5 in Axes
  3037 | D:4      | Reached XP level 6. HP: 13/53 MP: 5/5
  3308 | D:4      | Found Ytiutiki's Distillery.
  3333 | D:4      | Found a sacrificial altar of Ru.
  3528 | D:4      | Noticed Edmund
  3541 | D:4      | Killed Edmund
  3542 | D:4      | Reached skill level 5 in Fighting
  3701 | D:4      | Found a sparkling altar of Nemelex Xobeh.
  3854 | D:4      | Became a worshipper of Ru the Awakened
  3875 | D:5      | Entered Level 5 of the Dungeon
  3930 | D:5      | Identified the +4 long sword of a treasure trove {freeze,
                  | Will+ Str+4}
  4035 | D:5      | Reached XP level 7. HP: 49/61 MP: 6/6
  4127 | D:5      | Noticed Blork the orc
  4134 | D:5      | Killed Blork the orc
  4135 | D:5      | Reached skill level 1 in Maces & Flails
  4147 | D:5      | Reached skill level 1 in Long Blades
  4149 | D:5      | Reached skill level 5 in Shields
  4251 | D:5      | Noticed Duvessa
  4259 | D:5      | Killed Duvessa
  4324 | D:5      | Noticed Dowan
  4334 | D:5      | Killed Dowan
  4335 | D:5      | Reached XP level 8. HP: 41/70 MP: 7/7
  4585 | D:5      | Noticed Prince Ribbit
  4589 | D:5      | Killed Prince Ribbit
  4627 | D:5      | HP: 2/70 [sky beast (5)]
  5091 | D:5      | Noticed Pikel
  5099 | D:5      | Killed Pikel
  5100 | D:5      | Reached skill level 5 in Long Blades
  5100 | D:5      | Reached skill level 1 in Stealth
  5492 | D:6      | Found a staircase to the Ecumenical Temple.
  5497 | D:6      | Identified the +1 robe "Edicir" {Rampage +Inv Will-
                  | Archmagi}
  5514 | D:6      | Reached XP level 9. HP: 67/78 MP: 8/8
  5522 | Temple   | Entered the Ecumenical Temple
  5823 | D:6      | Gained mutation: You are hated by all. [Ru sacrifice]
  5823 | D:6      | Reached * piety under Ru
  5823 | D:6      | Reached ** piety under Ru
  6454 | D:6      | Found a bloodstained altar of Trog.
  6625 | D:7      | Found a snail-covered altar of Cheibriados.
  7296 | D:7      | Found an ancient bone altar of Kikubaaqudgha.
  7699 | D:8      | Noticed a seven-headed hydra
  7700 | D:8      | Noticed crawlogic's ghost (novice HOMo)
  7958 | D:8      | Noticed a two-headed ogre
  7994 | D:8      | Found a runed translucent gate.
  7994 | D:8      | Found a runed translucent gate.
  7994 | D:8      | Found a runed translucent gate.
  8157 | D:8      | Found a shimmering blue altar of Sif Muna.
  8293 | D:8      | Gained mutation: You are frail. (-10% HP) [Ru sacrifice]
  8293 | D:8      | Reached *** piety under Ru
  8378 | D:8      | Reached XP level 10. HP: 54/79 MP: 9/9
  8995 | D:9      | Found a staircase to the Lair.
  9014 | D:9      | Reached skill level 10 in Armour
  9497 | D:9      | Found a staircase to the Orcish Mines.
  9779 | D:9      | Found Casma's Armour Shop.
  9790 | D:9      | Reached skill level 10 in Long Blades
  9796 | D:9      | Bought a +1 hat for 121 gold pieces
 10307 | D:9      | Found a radiant altar of Vehumet.
 10550 | D:10     | Entered Level 10 of the Dungeon
 10704 | D:10     | Found an iron altar of Okawaru.
 10784 | D:10     | Reached XP level 11. HP: 68/85 MP: 10/10
 11012 | D:10     | Gained mutation: You are somewhat unskilled. (-1 Apt) [Ru
                  | sacrifice]
 11012 | D:10     | Reduced skill Long Blades to level 10
 11012 | D:10     | Reached **** piety under Ru
 11012 | D:10     | Reached ***** piety under Ru
 11423 | D:11     | Noticed a two-headed ogre
 11428 | D:11     | Killed a two-headed ogre
 11741 | D:11     | Identified the +0 ring mail of Divine Compulsion {Dex+4}
 11758 | D:11     | Noticed Grum
 11776 | D:11     | Killed Grum
 12456 | D:12     | Noticed a deep elf pyromancer
 12466 | D:12     | Killed a deep elf pyromancer
 12645 | D:12     | Noticed a four-headed hydra
 12653 | D:12     | Killed a one-headed hydra
 12848 | D:12     | Noticed a boulder beetle
 12858 | D:12     | Killed a boulder beetle
 13039 | D:12     | Noticed a six-headed hydra
 13047 | D:12     | Killed a one-headed hydra
 14364 | D:12     | Noticed a boulder beetle
 14395 | D:12     | Killed a boulder beetle
 14396 | D:12     | Reached skill level 10 in Fighting
 14396 | D:12     | Reached XP level 12. HP: 59/95 MP: 11/11
 14464 | D:12     | Noticed a two-headed ogre
 14479 | D:12     | Killed a two-headed ogre
 15602 | D:13     | Found a broken altar of Ashenzari.
 15715 | D:13     | Gained mutation: You cannot study or cast Ice magic. [Ru
                  | sacrifice]
 15715 | D:13     | Gained mutation: You cannot study or cast Hexes magic. [Ru
                  | sacrifice]
 15715 | D:13     | Gained mutation: You cannot study or cast Necromancy magic.
                  | [Ru sacrifice]
 15738 | D:13     | Noticed a centaur warrior
 15739 | D:13     | Noticed a death knight
 15882 | D:13     | Killed a centaur warrior
 16070 | D:13     | Noticed a six-headed hydra
 16083 | D:13     | Killed a one-headed hydra
 16272 | D:13     | Noticed a centaur warrior
 16291 | D:13     | Killed a centaur warrior
 16662 | D:13     | Killed a death knight
 17319 | D:13     | Noticed a two-headed ogre
 17326 | D:13     | Killed a two-headed ogre
 17522 | D:13     | Found a gateway to a bazaar.
 17531 | Bazaar   | Entered a bazaar
 17538 | Bazaar   | Found Berheosu's Jewellery Shop.
 17576 | Bazaar   | Found Gaijo's Magic Scroll Boutique.
 17592 | Bazaar   | Found Nitev's Armour Shop.
 17618 | Bazaar   | Found Cekkoat's Antique Weapon Shop.
 17722 | Bazaar   | Bought a +4 ring of protection for 468 gold pieces
 17773 | Bazaar   | Bought a +1 chain mail of fire resistance for 198 gold
                  | pieces
 17840 | D:14     | Noticed a centaur warrior
 17960 | D:13     | Reached XP level 13. HP: 55/104 MP: 12/12
 18259 | Lair:1   | Entered Level 1 of the Lair of Beasts
 18286 | Lair:1   | Found a dark tunnel.
 18310 | Volcano  | Entered a volcano
 18433 | Volcano  | Noticed a red draconian
 18455 | Volcano  | Killed a red draconian
 18730 | Lair:1   | Noticed Sonja
 18740 | Lair:1   | Killed Sonja
 18802 | Lair:1   | Noticed Fannar
 18812 | Lair:1   | Killed Fannar
 18859 | Lair:1   | Found a transporter.
 18861 | Lair:1   | Found a transporter.
 18866 | Lair:1   | Noticed H0rd4k's ghost (journeyman HuAr)
 18908 | Lair:1   | Killed H0rd4k's ghost
 19278 | Lair:1   | Noticed Urug
 19284 | Lair:1   | Killed Urug
 19455 | Lair:1   | Noticed Nergalle
 19467 | Lair:1   | Killed Nergalle
 20132 | Lair:1   | Gained mutation: Your magical capacity is low. (-10% MP)
                  | [Ru sacrifice]
 20132 | Lair:1   | Reached ****** piety under Ru
 20184 | Lair:2   | Reached skill level 10 in Shields
 20522 | Lair:2   | Identified the +9 spear of Neurosis {spect, Str+2}
 21020 | Lair:2   | Found a staircase to the Shoals.
 21235 | Lair:3   | You fall into a shaft and drop 1 floor!
 21270 | Lair:4   | Reached XP level 14. HP: 114/114 MP: 11/11
 21399 | Lair:4   | Found a staircase to the Snake Pit.
 23597 | Lair:5   | Noticed Nessos
 23617 | Lair:5   | Killed Nessos
 24238 | Lair:5   | Reached skill level 15 in Long Blades
 25186 | Lair:6   | Entered Level 6 of the Lair of Beasts
 26381 | Lair:6   | Found a staircase to the Slime Pits.
 26737 | Lair:6   | Reached XP level 15. HP: 89/118 MP: 6/12
 27354 | Lair:6   | Reached skill level 5 in Dodging
 27483 | Lair:6   | Identified the +2 ring mail of Unreason {rC+}
 28004 | Orc:1    | Entered Level 1 of the Orcish Mines
 28297 | Orc:2    | Entered Level 2 of the Orcish Mines
 28824 | Orc:2    | Found a transporter.
 28824 | Orc:2    | Found a transporter.
 28833 | Orc:2    | Found a bloodstained altar of Trog.
 28841 | Orc:2    | Noticed 101zpm's ghost (journeyman GnAE)
 28972 | Orc:2    | Found a staircase to the Elven Halls.
 29043 | Orc:2    | Noticed Donald
 29063 | Orc:2    | Killed Donald
 29064 | Orc:2    | Reached skill level 1 in Evocations
 29622 | Orc:2    | Found Zouczih's Antique Armour Emporium.
 29670 | Orc:2    | Reached skill level 15 in Armour
 30039 | Orc:2    | Found Tentuzuu's Antique Armour Emporium.
 30040 | Orc:2    | Found Doar's Assorted Antiques.
 30040 | Orc:2    | Found Xaetusim's Antique Weapon Shop.
 30072 | Orc:2    | Bought a faintly glowing lead ring for 185 gold pieces
 30072 | Orc:2    | Identified the ring "Fikkaag" {Fire Int+5} (You bought it
                  | in a shop on level 2 of the Orcish Mines)
 30524 | Orc:2    | Killed 101zpm's ghost
 30733 | Elf:1    | Entered Level 1 of the Elven Halls
 30756 | Elf:1    | Found a radiant altar of Vehumet.
 31544 | Elf:1    | Paralysed by an air elemental for 1 turns
 31549 | Elf:1    | Paralysed by an air elemental for 1 turns
 31603 | Elf:1    | Found Qureucyg's Armour Emporium.
 31608 | Elf:1    | Bought a +2 pair of gloves of strength for 215 gold pieces
 31978 | Elf:1    | Found Arunyapn's Armour Boutique.
 32747 | Elf:1    | Reached XP level 16. HP: 50/128 MP: 9/13
 33452 | Elf:2    | Found a runed translucent gate.
 33452 | Elf:2    | Found a runed translucent gate.
 33453 | Elf:2    | Found a runed translucent gate.
 33837 | Elf:2    | Reached skill level 5 in Stealth
 34886 | Elf:2    | Succumbed to a +0 glaive of venom's poison

Illustrated notes

Levels and vault maps discovered:
D:1:      dpeg_arrival_solitude, layout_loops_ring
D:2:      layout_rooms, serial_rivers, chequers_serial_rivers_small_3,
          chequers_serial_rivers_small_b, chequers_serial_rivers_large_b,
          chequers_serial_rivers_room_b, chequers_serial_rivers_micro_b,
          chequers_serial_rivers_micro_c, shapermc_ecumenical_altar_hornbeckon
D:3:      layout_basic, mainiacjoe_overflow_24_doors, kennysheep_pointless_box,
          wander_ebering_terrifying_dragon_lair
D:4:      layout_basic, nicolae_ru_path_of_blood,
          grunt_dithmenos_smoke_and_mirrors, nicolae_overflow_hidden_temple,
          nemelex_diamond_rough_becter, serial_shops, shop_fountains,
          minmay_misc_feat_pillars, uniq_edmund
D:5:      layout_basic, uniq_blork_the_orc, uniq_pikel, uniq_duvessa,
          uniq_prince_ribbit1
D:6:      layout_basic, trog_hazing_becter, minmay_temple_entry_tees
D:7:      layout_loops_ring, chei_slow_surprise, mainiacjoe_overflow_brackets
D:8:      layout_cave_pools, led_sif_book, gammafunk_ghost_split
D:9:      layout_irregular_city, mainiacjoe_overflow_alcove_2,
          minmay_lair_entry_grove, zombieorc2_lemuel, serial_shops,
          nicolae_shop_statue_plus, nicolae_looking_at_the_future
D:10:     layout_loops_ring, okawaru_altar_gauntlet_db
D:11:     layout_roguey, uniq_grum
D:12:     layout_basic, kennysheep_generic_room_16
D:13:     layout_loops_ring, serial_shops, bzr_firewalk,
          nicolae_ashenzari_panopticon
D:14:     layout_big_octagon, david_vaults_4, serial_column_ruins,
          column_ruins_hut, column_ruins_square_small,
          column_ruins_columns_dead_end, column_ruins_grid_1,
          column_ruins_columns_corner, column_ruins_grid_1,
          kiku_gazebo_pond_becter
Temple:   nicolae_temple_figure_zero
Lair:1:   layout_misc_corridors, enter_volcano_1, nzn_ghost_randoct,
          wad_woods_river_04, uniq_urug, uniq_nergalle, uniq_fannar, uniq_sonja
Lair:2:   layout_big_grid, elwin_shoals_entry_rocks, st_stairs_13,
          nicolae_quartered_pool_super, lemuel_fruit_tree
Lair:3:   layout_loops_ring, minivault_11, hangedman_lair_unloving_vines,
          serial_bayou_shore_b, grunt_megastairs_3, infiniplex_staircase_pool_2
Lair:4:   layout_cellular_growth, guppyfry_snake_entry_island, serial_forest,
          infiniplex_forest_lined_2, infiniplex_forest_end_3,
          infiniplex_forest_corner_1, infiniplex_forest_lined_room_2,
          infiniplex_forest_end_2, infiniplex_forest_straight_3,
          grunt_megastairs_2
Lair:5:   nzn_winding_woodlands_small [nzn_winding_woodlands_5x15_zeroes,
          nzn_winding_woodlands_center_lodge,
          nzn_winding_woodlands_5x15_jagged], layout_layer_cave, uniq_nessos
Lair:6:   due_jungle_book, layout_small_grid, nicolae_slime_entry_slimehenge,
          grunt_forest_large_clearings, grunt_megastairs_5
Orc:1:    layout_caves
Orc:2:    st_orc_elflike, layout_diamond_mine,
          gammafunk_ghost_wrathful_warriors, lightli_orcish_oven, uniq_donald
Elf:1:    eino_elf_arrival_altar, layout_geoelf_diagonals, serial_shops, shop,
          hangedman_corner_corridor, nicolae_take_the_stairs
Elf:2:    nicolae_elf_blades_splatter_lattice
          [nicolae_blade_entry_sentries_behind_glass], layout_gridlike,
          serial_glass, glass_columns_b, glass_columns_a

Skill      XL: |  1  2  3  4  5  6  7  8  9 10 11 12 13 14 15 16 |
---------------+-------------------------------------------------+-----
Fighting       | 4 5 6 7 8 10 11 12 13 14 | 14.8
Shields        | 4 5 6 7 8 10 12 13 14 | 14.4
Axes           | 3 5 6 7 9 |  9.2
Armour         | 4 5 6 8 9 10 11 12 13 14 15 16 | 16.0
Dodging        | 1 2 3 4 4 5 |  5.1
Maces & Flails | 1 |  1.4
Long Blades    | 2 5 8 11 12 13 14 15 16 | 16.3
Stealth        | 1 2 3 4 5 |  5.3
Evocations     | 1 |  1.2
Throwing       | |  0.2

Action                   |  1- 3 |  4- 6 |  7- 9 | 10-12 | 13-15 | 16-18 || total
-------------------------+-------+-------+-------+-------+-------+-------++-------
Melee: War axe           |    84 |    72 |       |       |       |       ||   156
       Headbutt          |    10 |    11 |    37 |   132 |   370 |    23 ||   583
       Long sword        |       |     3 |   243 |   586 |  1286 |   147 ||  2265
       Flail             |       |     2 |       |       |       |       ||     2
       Hand axe          |       |       |       |    43 |   141 |       ||   184
Throw: Throwing net      |       |       |       |     3 |       |       ||     3
Invok: Sacrifice Health  |       |       |     1 |       |       |       ||     1
       Sacrifice Love    |       |       |     1 |       |       |       ||     1
       Power Leap        |       |       |       |     2 |     6 |       ||     8
       Sacrifice Skill   |       |       |       |     1 |       |       ||     1
       Draw Out Power    |       |       |       |     1 |     4 |     3 ||     8
       Sacrifice Arcana  |       |       |       |     1 |       |       ||     1
       Sacrifice Essence |       |       |       |       |     1 |       ||     1
       Apocalypse        |       |       |       |       |     1 |       ||     1
Evoke: Wand              |       |       |       |       |    10 |       ||    10
       Phial of floods   |       |       |       |       |     1 |       ||     1
  Use: Scroll            |       |       |    10 |     9 |     9 |     1 ||    29
       Potion            |       |       |       |     1 |     1 |     2 ||     4
 Stab: Invisible         |       |       |       |     3 |    11 |     2 ||    16
       Distracted        |       |       |       |     1 |     8 |     1 ||    10
       Paralysed         |       |       |       |       |     4 |     1 ||     5
Armor: Scale mail        |    37 |    26 |    24 |       |       |       ||    87
       Chain mail        |       |       |    79 |    53 |     7 |       ||   139
       Plate armour      |       |       |       |   228 |   531 |    56 ||   815
Dodge: Dodged            |    52 |    43 |   116 |   303 |   456 |    34 ||  1004
Block: Buckler           |    26 |    21 |    65 |    97 |       |       ||   209
       Kite shield       |       |       |       |   104 |   641 |    52 ||   797
       Reflection        |       |       |       |       |     2 |     9 ||    11
